 Dungeon Crawl Stone Soup version 0.27.1-2-g3b301248ec (webtiles) character file.

Game seed: 17272766483229667675

1304 TheGamechu the Ruffian (level 8, -4/79 HPs)
             Began as a Troll Monk on Sept 24, 2021.
             Was an Elder of the Shining One.
             Slain by an orc warrior (8 damage)
             ... on level 6 of the Dungeon.
             The game lasted 00:12:44 (3504 turns).

TheGamechu the Ruffian (Troll Monk)                 Turns: 3504, Time: 00:12:44

Health: -4/79      AC:  5    Str: 22    XL:     8   Next: 31%
Magic:  9/9        EV:  9    Int:  6    God:    the Shining One [****..]
Gold:   369        SH:  9    Dex: 12    Spells: 7/7 levels left

rFire    + . .     SeeInvis .     - Unarmed
rCold    . . .     Faith    .   k - +0 kite shield
rNeg     + + +     Spirit   .   j - +0 robe {Will+}
rPois    .         Reflect  .   (helmet restricted)
rElec    .         Harm     .   t - +0 cloak
rCorr    .         Rampage  .   (gloves unavailable)
Will     +....                  (boots unavailable)
Stlth    +.........             (no amulet)
HPRegen  1.23/turn              p - ring of positive energy
MPRegen  0.11/turn              b - ring of protection from fire

@: glowing
A: large, unfitting armour, claws 3, regeneration 1, shaggy fur 1, tough skin 1
a: Renounce Religion, Divine Shield, Cleansing Flame


You were on level 6 of the Dungeon.
You worshipped the Shining One.
The Shining One was greatly pleased with you.
You visited 2 branches of the dungeon, and saw 7 of its levels.

You collected 369 gold pieces.

Inventory:

Missiles
 f - 203 stones (quivered)
 g - 23 poisoned darts
Armour
 j - a +0 robe of willpower (worn)
 k - a +0 kite shield (worn)
 t - a +0 cloak (worn)
Jewellery
 b - a ring of protection from fire (right claw)
 e - a ring of magical power
 p - a ring of positive energy (left claw)
Scrolls
 d - a scroll of teleportation
 m - a scroll of blinking {unknown}
 n - a scroll of magic mapping {unknown}
 r - a scroll of silence {unknown}
 u - a scroll of amnesia {unknown}
Potions
 a - a potion of lignification {unknown}
 c - a potion of mutation {unknown}
 h - 2 potions of brilliance {unknown}
 i - 2 potions of degeneration {unknown}
 l - a potion of heal wounds {unknown}
 o - a potion of berserk rage {unknown}
 q - 2 potions of invisibility {unknown}
 s - a potion of cancellation {unknown}


   Skills:
 + Level 4.8 Fighting
 - Level 1.2 Throwing
 - Level 4.0 Dodging
 - Level 1.0 Stealth
 + Level 2.9 Shields
 + Level 5.8 Unarmed Combat
 + Level 3.8 Invocations


You had 7 spell levels left.
You didn't know any spells.
Your spell library contained the following spells:

 Spells                   Type           Power      Damage    Failure   Level
 Frozen Ramparts          Ice            0%         1d2       99%         3
 Ice Form                 Ice/Tmut       0%         N/A       100%        4
 Summon Ice Beast         Ice/Summ       0%         N/A       100%        4


Dungeon Overview and Level Annotations

Branches:
Dungeon (6/15)             Temple (1/1) D:4

Altars:
Ashenzari
Dithmenos
Elyvilon
Fedhas
Hepliaklqana
Makhleb
Nemelex Xobeh
Okawaru
Qazlal
Sif Muna
Trog
Uskayaw
Vehumet
Wu Jian
Yredelemnul
The Shining One


Innate Abilities, Weirdness & Mutations

You are too large for most types of armour.
You have claws for hands.
Your natural rate of healing is unusually fast.
You are covered in fur. (AC +1)
You have tough skin. (AC +1)


Message History

You scratch the orc warrior.
The orc warrior is lightly wounded.
The orc warrior misses you.
You scratch the orc warrior.
The orc warrior is lightly wounded.
The orc warrior barely misses you.
You barely miss the orc warrior.
The orc warrior is lightly wounded.
The orc priest looks braver for a moment.
You block the orc warrior's attack.
The orc priest shouts!
You scratch the orc warrior but do no damage.
The orc warrior is lightly wounded.
You block the orc warrior's attack.
You scratch the orc warrior but do no damage.
The orc warrior is lightly wounded.
The orc warrior closely misses you.
You claw the orc warrior!
The orc warrior is heavily wounded.
You block the orc warrior's attack.
The orc priest mumbles some strange prayers to Beogh against you.
Beogh smites you!
You scratch the orc warrior.
The orc warrior is severely wounded.
The orc warrior hits you with a +0 trident!
The orc warrior barely misses you.
You barely miss the orc warrior.
The orc warrior is severely wounded.
The orc priest mumbles some strange prayers to Beogh against you.
Beogh smites you!
The orc priest mumbles some strange prayers to Beogh against you.
Beogh smites you!
* * * LOW HITPOINT WARNING * * *
The orc warrior hits you with a +0 trident.
* * * LOW HITPOINT WARNING * * *
The orc warrior hits you from afar with a +0 trident!!
* * * LOW HITPOINT WARNING * * *
There is a stone staircase leading up here.
The orc warrior hits you from afar with a +0 trident!
You die...

..# #.## #..#
#.. ### #..
...#.# #.#.# .
#..@# .. ###.#
...## #o#
.o.o..#o#
..[...#S#
#...o..o#
.......?###.#.#.
#..)..)..)oc.=..
#...../.)....#..


You could see an orc warrior, a water moccasin, an orc priest and an orc.

Vanquished Creatures
  A sky beast (D:5)
  An ice beast (D:4)
  A necrophage (D:4)
  2 centaurs
  A phantom (D:5)
  A scorpion (D:5)
  A bullfrog (D:6)
  2 water moccasin zombies
  A water moccasin skeleton (D:4)
  3 wights (D:4)
  A bullfrog zombie (D:5)
  A hound (D:5)
  A centaur zombie (D:5)
  A gnoll shaman (D:2)
  2 orc priests (D:3)
  A scorpion zombie (D:5)
  Robin (D:2)
  3 gnolls (D:2)
  2 adders
  A shadow imp (D:5)
  A white imp (D:3)
  An adder skeleton (D:4)
  3 worms
  4 dart slugs
  6 orcs
  6 ball pythons
  6 bats
  5 endoplasms
  A giant cockroach (D:2)
  22 goblins
  11 hobgoblins
  5 kobolds
  3 quokkas
  4 frilled lizards
  A rat (D:3)
107 creatures vanquished.

Notes
Turn   | Place    | Note
-------+----------+-------------------------------------------
     0 | D:1      | TheGamechu the Troll Monk began the quest for the Orb.
     0 | D:1      | Reached XP level 1. HP: 22/22 MP: 0/0
    53 | D:1      | Found a faded altar of an unknown god.
    68 | D:1      | Became a worshipper of the Shining One
    68 | D:1      | Reached * piety under the Shining One
    68 | D:1      | Reached ** piety under the Shining One
   200 | D:1      | Reached XP level 2. HP: 29/29 MP: 1/1
   360 | D:1      | Reached *** piety under the Shining One
   578 | D:2      | Noticed Robin
   642 | D:2      | Reached XP level 3. HP: 36/36 MP: 2/2
   645 | D:2      | Reached XP level 4. HP: 39/45 MP: 3/3
   648 | D:2      | Reached skill level 1 in Throwing
   664 | D:2      | Killed Robin
  1207 | D:3      | Reached XP level 5. HP: 53/53 MP: 4/4
  1353 | D:3      | Reached skill level 4 in Unarmed Combat
  1358 | D:3      | Reached skill level 1 in Invocations
  1780 | D:4      | Reached XP level 6. HP: 61/61 MP: 6/6
  1940 | D:4      | Noticed an ice beast
  1951 | D:4      | Killed an ice beast
  1952 | D:4      | Reached skill level 1 in Shields
  1972 | D:4      | Reached XP level 7. HP: 62/68 MP: 7/7
  2114 | D:4      | Found a staircase to the Ecumenical Temple.
  2122 | Temple   | Entered the Ecumenical Temple
  2351 | D:4      | Identified the +8 dagger of Conscience {holy, Int+4}
  2552 | D:5      | Entered Level 5 of the Dungeon
  2584 | D:5      | Reached **** piety under the Shining One
  2653 | D:5      | Found a hazy altar of Hepliaklqana.
  2673 | D:5      | Reached skill level 5 in Unarmed Combat
  2755 | D:5      | Found a sparkling altar of Nemelex Xobeh.
  3145 | D:5      | Reached XP level 8. HP: 69/79 MP: 9/9
  3502 | D:6      | HP: 1/79 [orc warrior (20)]
  3504 | D:6      | Slain by an orc warrior

Illustrated notes

Levels and vault maps discovered:
D:1:      dpeg_arrival_short_road, layout_basic,
          hellmonk_ecumenical_altar_zigzags, moated_statue,
          hangedman_decor_clover_reticule, st_stairs_6, minmay_heptomino_l4
D:2:      kennysheep_the_goblin_king, layout_basic, fountainhead,
          minmay_misc_feat_rows, uniq_robin
D:3:      layout_basic
D:4:      layout_cave_pools, minmay_temple_entry_enclosed_plants,
          mrwooster_statue_mirror, roderic_roman_lattice
D:5:      layout_gridville, kennysheep_little_box, lemuel_crystal_altar,
          kennysheep_nondescript
D:6:      layout_basic, gammafunk_ghost_smash
Temple:   eino_narrow_crystal_temple

Skill      XL: |  1  2  3  4  5  6  7 |
---------------+----------------------+-----
Fighting       | 3 4 |  4.8
Dodging        | 3 4 |  4.0
Throwing       | 1 |  1.2
Unarmed Combat | 4 5 |  5.8
Invocations    | 1 2 3 |  3.8
Shields        | 1 2 |  2.9
Stealth        | |  1.0

Action                   |  1- 3 |  4- 6 |  7- 9 || total
-------------------------+-------+-------+-------++-------
Melee: Unarmed           |    46 |   137 |    97 ||   280
       Punch             |     1 |     1 |       ||     2
Throw: Stone             |     1 |    12 |     2 ||    15
  Use: Scroll            |       |     3 |       ||     3
Armor: Robe              |     5 |    47 |    24 ||    76
Dodge: Dodged            |    24 |    84 |    32 ||   140
Block: Kite shield       |       |     9 |    51 ||    60
